 Dungeon Crawl Stone Soup version 0.31-a0-18-gea43df2a32 (webtiles) character file.

Game seed: 8732421081836940307

88 subawu the Ruffian (level 4, -4/35 HPs)
             Began as a Draconian Transmuter on May 11, 2023.
             Slain by a black bear (7 damage)
             ... on level 3 of the Dungeon.
             The game lasted 00:13:03 (3070 turns).

subawu the Ruffian (Draconian Transmuter)           Turns: 3070, Time: 00:13:04

Health: -4/35      AC:  6    Str: 13    XL:     4   Next: 29%
Magic:  7/7        EV: 12    Int: 15    God:
Gold:   170        SH:  0    Dex: 11    Spells: 1/7 levels left

rFire   . .          .
                       - Unarmed
rCold   . . .        (no shield)
rNeg    . . .        (body armour unavailable)
rPois   .            (helmet restricted)
rElec   .            (no cloak)
rCorr   .            f - +0 pair of gloves
SInv    .            (no boots)
Will    .....        q - amulet of magic regeneration
Stlth   +            (no ring)
HPRegen 0.25/turn    (no ring)
MPRegen 0.50/turn

%: no passive effects
@: wereblooded
A: AC +5, unfitting armour, cold-blooded
a: no special abilities


You were on level 3 of the Dungeon.
You visited 1 branch of the dungeon, and saw 3 of its levels.

You collected 170 gold pieces.

Inventory:

Hand Weapons
 b - a +0 dagger
 k - a +0 hand axe
 o - a +2 dagger of draining
 t - a +0 sling
 u - a +0 flail
Missiles
 g - 23 stones
 r - 11 poisoned darts
Armour
 f - a +0 pair of gloves (worn)
Jewellery
 q - an amulet of magic regeneration (around neck)
Scrolls
 c - a scroll of teleportation {unknown}
 d - a scroll of poison {unknown}
 e - a scroll of silence {unknown}
 j - 2 scrolls of amnesia {unknown}
 m - 4 scrolls of identify {unknown}
 p - 2 scrolls of enchant armour {unknown}
 v - a scroll of torment {unknown}
Potions
 a - 2 potions of lignification
 h - a potion of flight {unknown}
 i - 5 potions of curing {unknown}
 l - a potion of haste {unknown}
 n - 3 potions of might {unknown}
 s - a potion of heal wounds {unknown}


   Skills:
 + Level 1.4 Fighting
 + Level 2.6 Dodging
 - Level 0.7 Stealth
 + Level 3.7 Unarmed Combat
 + Level 2.4 Spellcasting
 + Level 2.4 Transmutations


You had one spell level left.
You knew the following spells:

 Your Spells              Type           Power      Damage    Failure   Level
a - Beastly Appendage     Tmut           18%        N/A       8%          1
b - Wereblood             Tmut           9%         N/A       12%         2
c - Spider Form           Tmut/Pois      5%         N/A       36%         3

Your spell library contained the following spells:

 Spells                   Type           Power      Damage    Failure   Level
 Ice Form                 Ice/Tmut       5%         N/A       77%         4


Dungeon Overview and Level Annotations

Branches:
Dungeon (3/15)

Altars:


Innate Abilities, Weirdness & Mutations

Your plain brown scales are hard. (AC +5)
You cannot fit into any form of body armour.
You are cold-blooded and may be slowed by cold attacks.


Message History

You claw the black bear. You headbutt the black bear.
The black bear is moderately wounded.
The black bear bites you.
The black bear claws you but does no damage.
The black bear claws you.
You hit the black bear. You claw the black bear.
The black bear is severely wounded.
The black bear closely misses you. x2
The black bear claws you but does no damage.
Casting: Beastly Appendage (safe; 8% risk of failure)
Confirm with . or Enter, or press ? or * to list all spells.
Your blood is infused with primal strength.
The black bear bites you.
* * * LOW HITPOINT WARNING * * *
The black bear closely misses you. x2
You hit the black bear.
You headbutt the black bear, but do no damage.
The black bear is severely wounded.
Your horns disappear.
Your talons disappear.
The black bear bites you.
* * * LOW HITPOINT WARNING * * *
The black bear barely misses you. The black bear claws you.
* * * LOW HITPOINT WARNING * * *
You hit the black bear.
The black bear is severely wounded.
The black bear goes berserk!
You barely miss the black bear.
The black bear is severely wounded.
The black bear barely misses you. The black bear claws you.
* * * LOW HITPOINT WARNING * * *
The black bear claws you but does no damage.
You hit the black bear but do no damage.
You tail-slap the black bear, but do no damage.
The black bear is severely wounded.
The black bear completely misses you. The black bear barely misses you.
The black bear claws you but does no damage.
You hit the black bear.
The black bear is almost dead.
The black bear bites you!
You die...

#.# # #.# # #)# # ###.###
##.#.##. ###+### ##..#....
##.....###...'.##.
##.....###...†#.###
##.@...###.....#)###
##..h..###.....##.##. #
#.....###.....###.##.
#...####'#######'#####.##.
#......................##.
######.#########.########.
#.....####.......# #.
#.............##.# #. #.
##.###..).###.# #.


You could see a black bear (berserk).

Vanquished Creatures
  4 adders
  A worm (D:3)
  A dart slug (D:3)
  4 ball pythons
  3 endoplasms (D:1)
  2 giant cockroaches
  8 goblins
  6 hobgoblins
  3 kobolds
  2 quokkas
  6 bats
  3 frilled lizards
  2 rats
45 creatures vanquished.

Notes
Turn   | Place    | Note
-------+----------+-------------------------------------------
     0 | D:1      | subawu the Draconian Transmuter began the quest for the
                  | Orb.
     0 | D:1      | Reached XP level 1. HP: 16/16 MP: 3/3
   279 | D:1      | Reached XP level 2. HP: 23/23 MP: 3/5
   665 | D:1      | Learned a level 2 spell: Wereblood
  1330 | D:2      | Reached XP level 3. HP: 27/27 MP: 4/6
  2148 | D:2      | Learned a level 3 spell: Spider Form
  2711 | D:3      | Reached XP level 4. HP: 35/35 MP: 7/7
  3050 | D:3      | Noticed a black bear
  3070 | D:3      | Slain by a black bear

Illustrated notes

Levels and vault maps discovered:
D:1:      psy_arrival_terrarium, layout_basic, dreamdust_princess_bridge
D:2:      layout_basic
D:3:      layout_loops_corners, minmay_quadrilaterals

Skill      XL: |  1  2 |
---------------+-------+-----
Dodging        | 2 |  2.6
Fighting       | |  1.4
Stealth        | |  0.7
Unarmed Combat | |  3.7
Spellcasting   | |  2.4
Transmutations | |  2.4

Action                     |  1- 3 |  4- 6 || total
---------------------------+-------+-------++-------
  Melee: Unarmed           |   120 |    40 ||   160
         Kick              |    14 |     3 ||    17
         Tailslap          |    13 |     4 ||    17
         Headbutt          |     5 |     3 ||     8
         Punch             |       |     1 ||     1
   Cast: Beastly Appendage |    19 |     3 ||    22
         Wereblood         |     1 |     2 ||     3
   Stab: Sleeping          |     1 |       ||     1
 Armour: Skin              |    64 |    37 ||   101
  Dodge: Dodged            |    97 |    56 ||   153

Table legend: (Time is in decaauts)
 A = Elapsed time spent in this place.
 B = Non-inter-level travel time spent in this place.
 C = Inter-level travel time spent in this place.
 D = Time resting spent in this place.
 E = Time spent auto-exploring this place.
 F = Levels seen in this place.
 G = Mean time per level.
                   A        B        C        D        E       F      G
               +--------+--------+--------+--------+--------+-----+--------+
         Total |   3059 |   2908 |    151 |    100 |     39 |   3 | 1019.7 |
       Dungeon |   3059 |   2908 |    151 |    100 |     39 |   3 | 1019.7 |
               +--------+--------+--------+--------+--------+-----+--------+

Top non-repeatable levels by time:
     D:2: 1568 daAuts
     D:1: 1109 daAuts
     D:3: 381 daAuts
